 Dungeon Crawl Stone Soup version 0.29-a0-1008-g949cc1d0fb (webtiles) character file.

Game seed: 12575822891604974410

164 vurker the Shooter (level 5, -2/46 HPs)
             Began as a Minotaur Hunter on Aug 7, 2022.
             Slain by a gnoll
             ... wielding a +0 flail
              (3 damage)
             ... on level 3 of the Dungeon.
             The game lasted 00:02:05 (2065 turns).

vurker the Shooter (Minotaur Hunter)                Turns: 2065, Time: 00:02:05

Health: -2/46      AC:  8    Str: 18    XL:     5   Next: 21%
Magic:  0/4        EV:  7    Int:  6    God:
Gold:   179        SH:  0    Dex: 13    Spells: 4/4 levels left

rFire   . . .      SeeInvis .   a - +0 shortbow
rCold   . . .      Faith    .   (shield currently unavailable)
rNeg    . . .      Spirit   +   m - +0 chain mail
rPois   .          Reflect  .   (helmet restricted)
rElec   .          Harm     .   (no cloak)
rCorr   .          Rampage  .   (no gloves)
Will    .....                   (no boots)
Stlth   ..........              h - amulet of guardian spirit
HPRegen 0.15/turn               (no ring)
MPRegen 0.09/turn               (no ring)

@: mighty, brilliant
A: horns 2, retaliatory headbutt
a: no special abilities


You were on level 3 of the Dungeon.
You visited 1 branch of the dungeon, and saw 3 of its levels.

You collected 179 gold pieces.

Inventory:

Hand Weapons
 a - a +0 shortbow (weapon)
Armour
 m - a +0 chain mail (worn)
   (You found it on level 2 of the Dungeon)
Jewellery
 h - an amulet of guardian spirit (around neck)
   (You found it on level 1 of the Dungeon)
Wands
 d - a wand of iceblast (5)
   (You found it on level 3 of the Dungeon)
Scrolls
 b - a scroll of immolation
 f - a scroll of fog {unknown}
 g - a scroll of amnesia {unknown}
 n - a scroll of brand weapon {unknown}
 o - 5 scrolls of identify {unknown}
Potions
 c - a potion of might
 e - a potion of magic
 i - 2 potions of curing {unknown}
 j - 2 potions of heal wounds {unknown}
 k - a potion of resistance {unknown}
 l - 2 potions of brilliance


   Skills:
 + Level 4.2 Fighting
 * Level 6.4 Ranged Weapons
 - Level 2.1 Dodging
 - Level 0.7 Stealth


You had 4 spell levels left.
You didn't know any spells.
Your spell library contained the following spells:

 Spells                   Type           Power      Damage    Failure   Level
 Magic Dart               Conj           0%         1d3       100%        1
 Call Imp                 Summ           0%         N/A       100%        2
 Static Discharge         Conj/Air       0%         3-3/arc   100%        2
 Mephitic Cloud           Conj/Pois/Air  0%         N/A       100%        3
 Lightning Bolt           Conj/Air       0%         1d11      100%        5
 Maxwell's Capacitive Co  Air            0%         ∞         100%        8


Dungeon Overview and Level Annotations

Branches:
Dungeon (3/15)

Altars:
Cheibriados
Zin

Annotations:
D:3 Terence


Innate Abilities, Weirdness & Mutations

You have a pair of horns on your head.
You reflexively headbutt those who attack you in melee.


Message History

The gnoll attacks as you move away! The gnoll hits you with a +0 flail!
You see here a +0 whip.
You shoot an arrow. The arrow barely misses the gnoll.
The gnoll hits you with a +0 flail! The gnoll hits you but does no damage.
You shoot an arrow.
The arrow hits the gnoll but does no damage.
The gnoll hits you with a +0 flail!
* * * LOW HITPOINT WARNING * * *
Fire: a) +0 shortbow
Aim: a gnoll, wielding a +0 flail (66% to hit)
You shoot an arrow. The arrow closely misses the gnoll.
The arrow barely misses the kobold.
The gnoll hits you with a +0 flail!
* * * LOW HITPOINT WARNING * * *
The gnoll hits you with a +0 flail.
* * * LOW HITPOINT WARNING * * *
Fire: a) +0 shortbow
Aim: a gnoll, wielding a +0 flail (66% to hit)
You shoot an arrow. The arrow hits the gnoll.
The gnoll closely misses you. You furiously retaliate!
You headbutt the gnoll.
Fire: a) +0 shortbow
Aim: a gnoll, wielding a +0 flail (moderately wounded, 66% to hit)
You shoot an arrow. The arrow closely misses the gnoll.
The arrow closely misses the kobold.
The gnoll hits you with a +0 flail.
* * * LOW HITPOINT WARNING * * *
The gnoll closely misses you.
Fire: a) +0 shortbow
Aim: a gnoll, wielding a +0 flail (moderately wounded, 66% to hit)
You shoot an arrow. The arrow hits the gnoll.
The gnoll hits you but does no damage. The gnoll hits you with a +0 flail.
* * * LOW HITPOINT WARNING * * *
Fire: a) +0 shortbow
Aim: a gnoll, wielding a +0 flail (moderately wounded, 66% to hit)
You shoot an arrow. The arrow barely misses the gnoll.
The arrow hits the kobold!
You kill the kobold!
The gnoll hits you with a +0 flail.
* * * LOW HITPOINT WARNING * * *
It was a potion of brilliance.
You feel clever all of a sudden. The gnoll hits you with a +0 flail.
* * * LOW HITPOINT WARNING * * *
It was a potion of magic.
Magic courses through your body. The gnoll hits you with a +0 flail.
* * * LOW HITPOINT WARNING * * *
It was a potion of might.
You feel very mighty all of a sudden. The gnoll hits you with a +0 flail!
You die...

#.# #....####.#.#.#
#######^##
#........<#.#.#
#........#
#..######.#.#.#
#........##
#.........#.#.#
#####......_..#
#.#########.#.#
#.......##g...###.#
#.#.#
###.......####..g##.#
#.#.# ..........#
###g##.# #.#..
###.......#
###@##.#### #.###
#.......# #......†..#
#.# ###.......#
#.##.#.##.# #.#
..........# #.
#...##)# #.#
......##### #
##..##.######.#
......#
#..##........#
...##.#
#..########### ##)
#.# .... #. #.# ##.##


You could see 2 gnolls.

Vanquished Creatures
  Jessica (D:2)
  Natasha (twice) (D:3)
  An adder (D:2)
  2 gnolls (D:3)
  A worm (D:2)
  A ball python (D:2)
  3 endoplasms (D:3)
  4 giant cockroaches
  4 goblins
  4 hobgoblins
  8 jackals
  5 kobolds
  2 quokkas
  5 bats
  3 frilled lizards
  9 rats
55 creatures vanquished.

Notes
Turn   | Place    | Note
-------+----------+-------------------------------------------
     0 | D:1      | vurker the Minotaur Hunter began the quest for the Orb.
     0 | D:1      | Reached XP level 1. HP: 18/18 MP: 0/0
   104 | D:1      | Reached XP level 2. HP: 21/25 MP: 1/1
   461 | D:1      | Reached skill level 5 in Ranged Weapons
   471 | D:1      | Found a faded altar of an unknown god.
   811 | D:2      | Reached XP level 3. HP: 26/31 MP: 2/2
  1179 | D:2      | Noticed Jessica
  1185 | D:2      | Killed Jessica
  1186 | D:2      | Reached XP level 4. HP: 33/38 MP: 3/3
  1370 | D:3      | Noticed Terence
  1682 | D:3      | Found a glowing silver altar of Zin.
  1848 | D:3      | Found a snail-covered altar of Cheibriados.
  1851 | D:3      | Noticed Natasha
  1869 | D:3      | Killed Natasha
  1870 | D:3      | Reached skill level 6 in Ranged Weapons
  1968 | D:3      | Noticed Natasha
  1972 | D:3      | Killed Natasha
  1973 | D:3      | Reached XP level 5. HP: 40/46 MP: 2/4
  2063 | D:3      | HP: 2/46 [gnoll/+0 flail (3)]
  2065 | D:3      | Slain by a gnoll

Illustrated notes

Levels and vault maps discovered:
D:1:      mushboom_english_gardens, layout_basic, ebering_ecumenical_altar_mist
D:2:      layout_rooms, uniq_jessica
D:3:      layout_basic, nicolae_overflow_crystal_walls, cheibriados_altar_1,
          grunt_qazlal_sundering, lemuel_doored_altar, uniq_natasha,
          uniq_terence

Skill      XL: |  1  2  3  4 |
---------------+-------------+-----
Ranged Weapons | 5 6 |  6.4
Fighting       | 3 4 |  4.2
Dodging        | |  2.1
Stealth        | |  0.7

Action                   |  1- 3 |  4- 6 || total
-------------------------+-------+-------++-------
 Fire: Shortbow          |    89 |    72 ||   161
  Use: Potion            |       |     3 ||     3
Armor: Leather armour    |    19 |       ||    19
       Chain mail        |     1 |    32 ||    33
Dodge: Dodged            |    20 |    16 ||    36

Table legend: (Time is in decaauts)
 A = Elapsed time spent in this place.
 B = Non-inter-level travel time spent in this place.
 C = Inter-level travel time spent in this place.
 D = Time resting spent in this place.
 E = Time spent auto-exploring this place.
 F = Levels seen in this place.
 G = Mean time per level.
                   A        B        C        D        E       F      G
               +--------+--------+--------+--------+--------+-----+--------+
         Total |   2138 |   2040 |     98 |    165 |   1467 |   3 |  712.7 |
       Dungeon |   2138 |   2040 |     98 |    165 |   1467 |   3 |  712.7 |
               +--------+--------+--------+--------+--------+-----+--------+

Top non-repeatable levels by time:
     D:1: 814 daAuts
     D:2: 797 daAuts
     D:3: 527 daAuts
